 Dungeon Crawl Stone Soup version 0.23.1 (webtiles) character file.

Game seed: 10840269359159871047

102 Kairos the Sneak (level 4, -14/23 HPs)
             Began as a Vine Stalker Assassin on Mar 19, 2019.
             Killed from afar by Ijyb (15 damage)
             ... with a wand of acid (10)
             ... on level 3 of the Dungeon.
             The game lasted 00:01:54 (1591 turns).

Kairos the Sneak (Vine Stalker Assassin)            Turns: 1591, Time: 00:01:54

Health: -14/23     AC:  6    Str: 14    XL:     4   Next: 77%
Magic:  0/5        EV: 14    Int: 11    God:
Gold:   74         SH:  0    Dex: 16    Spells: 3/3 levels left

rFire    . . .     SeeInvis .   a - +4 dagger
rCold    . . .     Gourm    .   (no shield)
rNeg     . . .     Faith    .   j - +0 ring mail
rPois    .         Spirit   +   (no helmet)
rElec    .         Reflect  .   d - +0 cloak
rCorr    .         Harm     .   (no gloves)
MR       .....                  (no boots)
Stlth    +++.......             (no amulet)
HPRegen  0.47/turn              o - +3 ring of evasion
MPRegen  0.09/turn              (no ring)

@: no status effects
A: fangs 2, regeneration 1, magic shield, antimagic bite, no potion heal 3, rot
immunity
a: no special abilities


You were on level 3 of the Dungeon.
You were not hungry.

You visited 1 branch of the dungeon, and saw 3 of its levels.

You collected 74 gold pieces.

Inventory:

Hand Weapons
 a - a +4 dagger (weapon)
 b - a +0 blowgun
Missiles
 e - 8 poisoned needles
 f - 2 curare-tipped needles
Armour
 c - a +0 robe
 d - a +0 cloak (worn)
 j - a +0 ring mail (worn)
Jewellery
 o - a +3 ring of evasion (left hand)
Scrolls
 l - 3 scrolls of magic mapping
 n - a scroll of amnesia {unknown}
 p - a scroll of fear {unknown}
Potions
 h - 3 potions of curing
 r - a potion of mutation {unknown}
Comestibles
 g - 4 rations


   Skills:
 + Level 2.0 Fighting
 + Level 2.2 Short Blades
 + Level 2.0 Throwing
 + Level 0.5 Armour
 + Level 1.7 Dodging
 + Level 6.2 Stealth


You had 3 spell levels left.
You didn't know any spells.
Your spell library was empty.

Dungeon Overview and Level Annotations

Branches:
Dungeon (3/15)

Altars:
Ru
Vehumet

Annotations:
D:3 Ijyb, Natasha


Innate Abilities, Weirdness & Mutations

You have extremely sharp teeth.
Your natural rate of healing is unusually fast.
When hurt, damage is shared between your health and your magic reserves.
Your bite disrupts and absorbs the magic of your enemies.
Potions cannot restore your health.
You are immune to rotting.


Message History

An orc comes into view. It is wielding a +1 trident of venom.
A kobold comes into view.
The orc shouts!
The kobold shouts!
The kobold throws a stone.
The stone hits you.
Ijyb shouts!
You hear a shout!
The kobold throws a stone.
The stone misses you.
A bat comes into view.
You completely miss Ijyb. You bite Ijyb, but do no damage.
Ijyb zaps a wand.
The bolt of acid misses you.
The bolt of acid misses the kobold.
You hit Ijyb but do no damage.
Ijyb zaps a wand.
The bolt of acid hits you!
Ouch! That really hurt!
You are splashed with acid!
* * * LOW HITPOINT WARNING * * *
The bolt of acid hits the kobold!!
The kobold is splashed with acid.
The acid corrodes the kobold!
The kobold dies!
Natasha, Servant of Life and Death comes into view.
Ijyb zaps a wand.
The bolt of acid hits you!
Ouch! That really hurt!
You die...

#..... ###.....#
. ........# h#
#......# ..#
##......# ...
........# !.
##......##.#
#.....†..gb#
#..####@######
###............#
+........o.......
####.#<###.###.##
# #.# ... .. #.#
#.o# #.# ..# #.#
..# #.. .#


You could see Ijyb, Natasha (wandering), 2 orcs and a bat.

Vanquished Creatures
  Jessica (D:2)
  3 adders (D:2)
  An ooze (D:1)
  A worm (D:2)
  A dart slug (D:2)
  A leopard gecko (D:2)
  A ball python (D:2)
  5 bats (D:2)
  2 giant cockroaches (D:2)
  3 goblins (D:2)
  3 hobgoblins
  8 jackals
  2 frilled lizards
  A kobold (D:1)
  5 rats
38 creatures vanquished.

Vanquished Creatures (others)
  A kobold (D:3)
1 creature vanquished.

Grand Total: 39 creatures vanquished

Notes
Turn   | Place    | Note
-------+----------+-------------------------------------------
     0 | D:1      | Kairos the Vine Stalker Assassin began the quest for the
                  | Orb.
     0 | D:1      | Reached XP level 1. HP: 11/11 MP: 2/2
   115 | D:1      | Reached skill level 5 in Stealth
   175 | D:1      | Reached XP level 2. HP: 7/15 MP: 3/3
   487 | D:2      | Reached skill level 1 in Dodging
   509 | D:2      | Reached XP level 3. HP: 7/18 MP: 4/4
   790 | D:2      | Found a sacrificial altar of Ru.
   981 | D:2      | Reached skill level 6 in Stealth
  1262 | D:2      | Gained mutation: Your natural rate of healing is unusually
                  | fast. [Vine Stalker growth]
  1262 | D:2      | Reached XP level 4. HP: 23/23 MP: 5/5
  1411 | D:2      | Found a radiant altar of Vehumet.
  1461 | D:2      | Noticed Jessica
  1463 | D:2      | Killed Jessica
  1582 | D:3      | Noticed Ijyb
  1590 | D:3      | HP: 1/23 [acid (9)]
  1590 | D:3      | Noticed Natasha
  1591 | D:3      | Killed from afar by Ijyb

Skill      XL: |  1  2  3  4 |
---------------+-------------+-----
Stealth        | 5 6 |  6.2
Dodging        | 1 |  1.7
Throwing       | 2 |  2.0
Short Blades   | 2 |  2.2
Fighting       | 2 |  2.0
Armour         | |  0.5

Action                   |  1- 3 |  4- 6 || total
-------------------------+-------+-------++-------
Melee: Dagger            |   113 |    24 ||   137
       Bite              |    27 |     9 ||    36
  Use: Scroll            |       |     6 ||     6
 Stab: Sleeping          |     5 |     3 ||     8
  Eat: Chunk             |       |     2 ||     2
Armor: Robe              |     2 |       ||     2
       Ring mail         |    46 |     3 ||    49
Dodge: Dodged            |    71 |    13 ||    84
